 Dungeon Crawl Stone Soup version 0.28-a0-1143-gcf6077d4cc (webtiles) character file.

Game seed: 4422840382891376779

523 spaghetti the Covert (level 7, -2/61 HPs)
             Began as a Deep Dwarf Delver on Dec 14, 2021.
             Slain by an orc warrior (5 damage)
             ... on level 5 of the Dungeon.
             The game lasted 00:06:36 (2938 turns).

spaghetti the Covert (Deep Dwarf Delver)            Turns: 2938, Time: 00:06:37

Health: -2/61      AC:  4    Str: 18    XL:     7   Next: 2%
Magic:  7/7        EV: 12    Int: 10    God:
Gold:   164        SH:  0    Dex: 14    Spells: 6/6 levels left

rFire   . . .      SeeInvis .   u - +5 flail (holy) {mace}
rCold   . . .      Faith    .   (no shield)
rNeg    . . .      Spirit   .   b - +0 leather armour
rPois   .          Reflect  .   (no helmet)
rElec   .          Harm     .   l - +0 cloak
rCorr   .          Rampage  .   (no gloves)
Will    +....                   (no boots)
Stlth   ++++......              (no amulet)
HPRegen 0.00/turn               (no ring)
MPRegen 0.10/turn               (no ring)

@: no status effects
A: damage resistance, heal wounds, sense surroundings 1, no regeneration
a: Heal Wounds


You were on level 5 of the Dungeon.
You visited 1 branch of the dungeon, and saw 5 of its levels.

You collected 164 gold pieces.


Innate Abilities, Weirdness & Mutations

You are resistant to damage.
You can heal yourself by infusing magical energy.
You passively map a small area around you.
You do not regenerate.


   Skills:
 - Level 2.6 Fighting
 - Level 2.1(3.3) Axes
 + Level 3.4(3.7) Maces & Flails
 - Level 2.1 Dodging
 + Level 10.3 Stealth


You had 6 spell levels left.
You didn't know any spells.
Your spell library contained the following spells:

 Spells                   Type           Power      Damage    Failure   Level
 Shock                    Conj/Air       0%         1d3       41%         1
 Swiftness                Air            0%         N/A       80%         3
 Airstrike                Air            0%         N/A       99%         4

Inventory:

Hand Weapons
 a - a +1 hand axe {axe}
 u - a +5 flail of holy wrath (weapon) {mace}
   (You took it off Edmund on level 5 of the Dungeon)
Missiles
 d - 125 stones {throwing}
 e - 19 sling bullets
 f - 55 arrows
 h - 58 bolts
 j - a boomerang {throwing}
Armour
 b - a +0 leather armour (worn)
 l - a +0 cloak (worn)
   (You found it on level 4 of the Dungeon)
Magical Staves
 t - a staff of death {!astaff}
   (You found it on level 5 of the Dungeon)
Jewellery
 q - a ring of magical power
   (You found it on level 4 of the Dungeon)
Wands
 g - a wand of digging (3)
 o - a wand of mindburst (4)
   (You found it on level 4 of the Dungeon)
Scrolls
 i - a scroll of teleportation {@r4}
 n - a scroll of magic mapping {!r}
 p - 2 scrolls of identify {@r1}
 r - a scroll of fear
 s - a scroll of fog
Potions
 c - a potion of haste {@q3}
 k - a potion of flight
 m - a potion of heal wounds {@q2}

Dungeon Overview and Level Annotations

Branches:
Dungeon (7/15)
 Temple: D:4-7

Altars:
Okawaru
Vehumet

Shops:
D:5 *

Annotations:
D:4 exclusion: scorpion
D:5 Sigmund

#.#
#........,**.###.
#.#
##.###.###***,.#..
#<# ##..###*,**
*#,#.# #.#
#.#...#**.* #@#.#
#># ##..#.#*.#*
#...# ####.#
##.#.#.#* ##.##
#....# ####....#*
#.* #.####
#...).### #.* #.#
#.o@..#*********#.*
#.#
##...#.....,,,,,#.*
#.#
##.#..####*****..*
#.# #∩#..# *.#* #.#
*#.#### *,* #.#
**...** ****##.###
##.# *,...,*
*,,,...... #..#
*,...,* *,**######
#.##*****,..### *,*


You could see an orc warrior.


Message History

Unknown command.
You see here a +0 leather armour.
A wyvern skeleton comes into view.
A wyvern skeleton is nearby!
You are too injured to fight recklessly!
You are too injured to fight recklessly!
You are too injured to fight recklessly!
You are too injured to fight recklessly!
You are too injured to fight recklessly!
You are too injured to fight recklessly!
Unknown command.
The wyvern skeleton bites you but does no damage.
You sock the wyvern skeleton!
The wyvern skeleton convulses!
The wyvern skeleton barely misses you.
You hit the wyvern skeleton.
The wyvern skeleton convulses.
The wyvern skeleton barely misses you.
The wyvern skeleton bites you but does no damage.
You thump the wyvern skeleton!
You destroy the wyvern skeleton!
Your Stealth skill increases to level 10!
You start waiting.
Done waiting.
Sigmund the Dreaded comes into view.
He is wielding a +0 scythe and carrying a wand of flame (8).
Press: ? - help, v - describe, . - travel
Here: Sigmund, wielding a +0 scythe, wearing a +0 robe and carrying a wand of flame (8) (asleep)
The floor.
Placed new exclusion.
Unknown command.
Unknown command.
An orc comes into view. It is wielding a +0 flail.
The orc shouts!
You hit the orc. The orc closely misses you. The orc barely misses you.
You hit the orc.
You kill the orc!
Your Maces & Flails skill increases to level 3!
You start waiting.
Done waiting.
Things that are here:
a +0 flail {mace}; a +0 ring mail; an orc corpse
Things that are here:
a +0 flail {mace}; a +0 ring mail; an orc corpse An ice beast comes into view.
Okay, then.
Aiming: Mindburst
Press: ? - help, Shift-Dir - straight line, f - ice beast
Aim: an ice beast (asleep, chance to affect: 65%)
The ice beast's mind is blasted!!
Aiming: Mindburst
Press: ? - help, Shift-Dir - straight line, f/p - ice beast
Aim: an ice beast (severely wounded, chance to affect: 65%)
The ice beast's mind is blasted!
You blow up the ice beast!
You have reached level 7! 😨 HP[+3] MP[+1]
You now have 61 max hp (+6).
You regained 3 hp, and now have 30/61 hp.
Your mp is fully restored (7).
An orc comes into view. It is wielding a +0 club.
An orc is nearby!
You are too injured to fight recklessly!
An orc comes into view. It is wielding a +0 trident.
Found Uckea's Neck Hole.
An orc warrior comes into view. It is wielding a +0 hand axe.
The helpless orc fails to defend itself.
You sock the orc!
You kill the orc!
Things that are here:
a +0 club {mace}; a +0 chain mail; an orc corpse The helpless orc fails to defend itself.
You sock the orc!
You kill the orc!
Unknown command.
Things that are here:
a +0 trident {polearm}; an orc corpse The helpless orc warrior fails to defend itself.
You bludgeon the orc warrior!! The orc warrior barely misses you.
You hit the orc warrior but do no damage.
The orc warrior hits you with a +0 hand axe.
The orc warrior barely misses you.
You barely miss the orc warrior.
The orc warrior hits you with a +0 hand axe!
* * * LOW HITPOINT WARNING * * *
😨 HP[-11]
You take 11 damage, and now have 19/61 hp.
Unknown command.
You hit the orc warrior but do no damage.
The orc warrior barely misses you.
You hit the orc warrior.
The orc warrior hits you with a +0 hand axe!!
* * * LOW HITPOINT WARNING * * *
😱 HP[-16]
You take 16 damage, and now have 3/61 hp.
MASSIVE DAMAGE!! (PAUSE)
Okay, then.
Aiming: Mindburst
Press: ? - help, Shift-Dir - straight line, f - orc warrior
Aim: an orc warrior, wielding a +0 hand axe and wearing a +0 chain mail (almost dead, chance to affect: 65%)
The orc warrior struggles to resist.
The orc warrior hits you with a +0 hand axe.
You die...

Skill      XL: |  1  2  3  4  5  6 |
---------------+-------------------+-----
Stealth        | 7 9 10 | 10.3
Maces & Flails | 2 3 |  3.4
Fighting       | |  2.6
Axes           | |  2.1
Dodging        | |  2.1

Action                   |  1- 3 |  4- 6 |  7- 9 || total
-------------------------+-------+-------+-------++-------
Melee: Hand axe          |    59 |   103 |       ||   162
       Flail             |       |     5 |     7 ||    12
 Abil: Heal Wounds       |     4 |     1 |       ||     5
Evoke: Wand              |       |     7 |     1 ||     8
  Use: Scroll            |     4 |     7 |       ||    11
       Potion            |     1 |     5 |       ||     6
 Stab: Sleeping          |     3 |    10 |     3 ||    16
Armor: Leather armour    |    11 |    25 |       ||    36
Dodge: Dodged            |    54 |    78 |     3 ||   135

Levels and vault maps discovered:
D:3:      layout_loops_ring, nicolae_hepliaklqana_hippocampus
D:4:      kennysheep_the_goblin_king, layout_gridville
D:5:      minmay_general_purpose_star, layout_loops_ring,
          amethyst_overflow_temple_binary, nicolae_shop_sticking_my_neck_out,
          uniq_sigmund, uniq_edmund
D:6:      layout_loops_cross, lemuel_tele_altar, lemuel_coloured_pillars_altar,
          amcnicky_altar_gilded, corexii_item_surrounded_by_moat
D:7:      layout_gridville, minmay_temple_entry_wispy, minmay_fire_ice_demons

Notes
Turn   | Place    | Note
-------+----------+-------------------------------------------
     0 | D:5      | spaghetti the Deep Dwarf Delver began the quest for the
                  | Orb.
     0 | D:5      | Reached XP level 1. HP: 20/20 MP: 1/1
     0 | D:5      | magus.rc [v1.9.6]
    68 | D:5      | Reached XP level 2. HP: 24/27 MP: 2/2
    94 | D:5      | Reached skill level 7 in Stealth
   223 | D:5      | Reached XP level 3. HP: 30/33 MP: 3/3
   236 | D:4      | You pick up a book of Air and begin reading...
   236 | D:4      | You add the spells Shock, Swiftness and Airstrike to your
                  | library.
   248 | D:4      | Noticed a steam dragon
   255 | D:4      | HP: 5/33 [steam dragon/ball of steam (10)]
   262 | D:4      | HP: 7/33 [steam dragon (8)]
   268 | D:4      | HP: 7/33 [steam dragon/ball of steam (24)]
   272 | D:4      | HP: 2/33 [steam dragon (3)]
   284 | D:4      | Killed a steam dragon
   285 | D:4      | Reached skill level 9 in Stealth
   285 | D:4      | Reached XP level 4. HP: 27/40 MP: 4/4
   285 | D:4      | Reached XP level 5. HP: 31/46 MP: 5/5
   969 | D:3      | Reached skill level 1 in Maces & Flails
  2142 | D:5      | Found a radiant altar of Vehumet.
  2154 | D:5      | Found an iron altar of Okawaru.
  2495 | D:5      | Noticed Edmund
  2500 | D:5      | Killed Edmund
  2501 | D:5      | Reached skill level 2 in Maces & Flails
  2501 | D:5      | Reached XP level 6. HP: 27/55 MP: 6/6
  2652 | D:5      | Reached skill level 10 in Stealth
  2759 | D:5      | Noticed Sigmund
  2786 | D:5      | Reached skill level 3 in Maces & Flails
  2894 | D:5      | Noticed an ice beast
  2896 | D:5      | Killed an ice beast
  2897 | D:5      | Reached XP level 7. HP: 30/61 MP: 7/7
  2925 | D:5      | Found Uckea's Neck Hole.
  2937 | D:5      | HP: 3/61 [orc warrior (16)]
  2938 | D:5      | Slain by an orc warrior

Vanquished Creatures
  A steam dragon (D:4)
  Edmund (D:5)
  An ice beast (D:5)
  A wyvern skeleton (D:5)
  A centaur skeleton (D:5)
  A hound zombie (D:5)
  A howler monkey skeleton (D:3)
  3 adders
  3 dart slugs
  7 orcs
  2 endoplasms (D:3)
  2 giant cockroaches (D:4)
  13 goblins
  2 hobgoblins
  2 quokkas
  5 ball pythons (D:4)
  2 kobolds
48 creatures vanquished.

Table legend:
 A = Non-vault XP
 B = Vault XP
 C = Vault XP percentage of total XP
 D = Non-vault monster count
 E = Vault monster count
 F = Vault count percentage of total count
                 A         B        C        D         E       F
            +---------+---------+-------+---------+---------+-------
      Total |     568 |     180 |  24.1 |      39 |       9 |  18.8
            +---------+---------+-------+---------+---------+-------
        D:3 |      61 |       0 |   0.0 |      15 |       0 |   0.0
        D:4 |     207 |      13 |   5.9 |      15 |       7 |  31.8
        D:5 |     300 |     167 |  35.8 |       9 |       2 |  18.2
            +---------+---------+-------+---------+---------+-------

Illustrated notes

Table legend:
 A = Kills in this place as a percentage of kills in entire the game.
 B = Kills by you in this place as a percentage of kills by you in the entire game.
 C = Kills by friends in this place as a percentage of kills by friends in the entire game.
 D = Other kills in this place as a percentage of other kills in the entire game.
 E = Experience gained in this place as a percentage of experience gained in the entire game.
 F = Experience gained in this place divided by the number of levels of this place that you have seen.
                   A       B       C       D       E      F
               +-------+-------+-------+-------+-------+----------------------
         Total | 100.0 | 100.0 |   N/A |   N/A | 100.0 | 149.6
       Dungeon | 100.0 | 100.0 |   N/A |   N/A | 100.0 | 149.6
               +-------+-------+-------+-------+-------+----------------------

Table legend: (Time is in decaauts)
 A = Elapsed time spent in this place.
 B = Non-inter-level travel time spent in this place.
 C = Inter-level travel time spent in this place.
 D = Time resting spent in this place.
 E = Time spent auto-exploring this place.
 F = Levels seen in this place.
 G = Mean time per level.
                   A        B        C        D        E       F      G
               +--------+--------+--------+--------+--------+-----+--------+
         Total |   2965 |   2887 |     78 |   1009 |   1345 |   5 |  593.0 |
       Dungeon |   2965 |   2887 |     78 |   1009 |   1345 |   5 |  593.0 |
               +--------+--------+--------+--------+--------+-----+--------+

Top non-repeatable levels by time:
     D:4: 1177 daAuts
     D:5: 1061 daAuts
     D:3: 718 daAuts
     D:6: 6 daAuts
     D:7: 1 daAuts
